 Dungeon Crawl Stone Soup version 0.21.0 (webtiles) character file.

15037698 Dynast the Swordmaster (level 27, 196/196 (199) HPs)
             Began as a Tengu Enchanter on Jan 5, 2018.
             Was a High Priest of Nemelex Xobeh.
             Escaped with the Orb
             ... and 15 runes on Jan 6, 2018!
             The game lasted 08:00:38 (104691 turns).

Dynast the Swordmaster (Tengu Enchanter)          Turns: 104691, Time: 08:00:39

HP:   196/196 (199) AC: 44    Str: 29    XL:     27
MP:   52/52         EV: 41    Int: 24    God:    Nemelex Xobeh [*****.]
Gold: 5362          SH:  0    Dex: 21    Spells: 50/74 levels left

rFire    + + .     SeeInvis +   a - +9 triple sword (freeze)
rCold    + . .     Gourm    .   (shield currently unavailable)
rNeg     + + +     Faith    .   t - +10 pearl dragon scales of Fuchomog {rN+ Dex+10}
rPois    +         Spirit   +   M - +0 mask of the Dragon {MR+ Slay+3 SInv}
rElec    +         Reflect  .   x - +1 cloak of Juxubbedd {rElec MR++ Int+2 Dex-4}
rCorr    .         Harm     .   Q - +3 pair of gloves of the Monkey {rF++ Str+6 Dex-5}
MR       +++++                  (boots unavailable)
Stlth    +.........             e - amulet of Kigubb {Spirit rN++ Int+5}
HPRegen  0.42/turn              s - ring "Qoffae Wolasch" {Wiz rPois Dex+5 Stlth-}
MPRegen  0.33/turn              F - ring "Vuugi" {Wiz rC+ Str+3 Stlth+}

@: flying quickly and evasively, deflect missiles, quick
A: beak, talons 3, repulsion field 1, molten scales 1, slimy green scales 1,
camouflage 1, see invisible, subdued magic 1, able to fly 2
0: Orb of Zot
}: 15/15 runes: decaying, serpentine, slimy, silver, golden, iron, obsidian,
icy, bone, abyssal, demonic, glowing, magical, fiery, dark
a: Stop Flying, Triple Draw, Deal Four, Stack Five, Renounce Religion


You escaped.
You worshipped Nemelex Xobeh.
Nemelex Xobeh was extremely pleased with you.
You were not hungry.

You visited 18 branches of the dungeon, and saw 88 of its levels.
You visited Pandemonium 2 times, and saw 15 of its levels.
You visited the Abyss 3 times.
You visited 1 bazaar.
You visited 1 ziggurat, and saw 16 of its levels.
You also visited: Ossuary, Ice Cave and Desolation.

You collected 10873 gold pieces.
You spent 5511 gold pieces at shops.

Inventory:

Hand Weapons
 a - a +9 triple sword of freezing (weapon)
Armour
 t - the +10 pearl dragon scales of Fuchomog (worn) {rN+ Dex+10}
   (You found it on level 5 of the Vaults)

   It affects your dexterity (+10).
   It protects you from negative energy.
 x - the +1 cloak of Juxubbedd (worn) {rElec MR++ Int+2 Dex-4}
   (You acquired it on level 15 of the Dungeon)

   It affects your intelligence (+2).
   It affects your dexterity (-4).
   It insulates you from electricity.
   It affects your resistance to hostile enchantments.
 M - the +0 mask of the Dragon (worn) {MR+ Slay+3 SInv}
   (You found it in the Desolation of Salt)

   It affects your accuracy and damage with ranged weapons and melee attacks
   (+3).
   It affects your resistance to hostile enchantments.
   It lets you see invisible.
 Q - the +3 pair of gloves of the Monkey (worn) {rF++ Str+6 Dex-5}
   (You bought it in a shop on level 15 of the Dungeon)

   It affects your strength (+6).
   It affects your dexterity (-5).
   It greatly protects you from fire.
Jewellery
 e - the amulet of Kigubb (around neck) {Spirit rN++ Int+5}
   (You acquired it on level 2 of the Vaults)

   [amulet of guardian spirit]

   It causes incoming damage to be split between your health and magic.
   It affects your intelligence (+5).
   It greatly protects you from negative energy.
 s - the ring "Qoffae Wolasch" (left hand) {Wiz rPois Dex+5 Stlth-}
   (You found it in the Desolation of Salt)

   [ring of wizardry]

   It improves your spell success rate.
   It affects your dexterity (+5).
   It protects you from poison.
   It makes you less stealthy.
 F - the ring "Vuugi" (right hand) {Wiz rC+ Str+3 Stlth+}
   (You found it on level 12 of a ziggurat)

   [ring of wizardry]

   It improves your spell success rate.
   It affects your strength (+3).
   It protects you from cold.
   It makes you more stealthy.
 K - an uncursed ring of resist corrosion
 R - the ring "Coumike" {Int+6 Slay+3}
   (You found it on level 5 of the Pits of Slime)

   [ring of intelligence]

   It affects your intelligence (+6).
   It affects your accuracy and damage with ranged weapons and melee attacks
   (+3).
Wands
 l - a wand of iceblast (42)
 E - a wand of acid (11)
 Y - a wand of digging (55)
Scrolls
 c - 2 scrolls of summoning
 f - 6 scrolls of enchant armour
 g - 2 scrolls of holy word
 k - 8 scrolls of identify
 q - a scroll of enchant weapon
 r - 6 scrolls of teleportation
 u - 5 scrolls of blinking
 v - 30 scrolls of remove curse
 y - 4 scrolls of silence
 W - 6 scrolls of fear
Potions
 i - a potion of haste
 n - 3 potions of resistance
 o - 2 potions of cancellation
 A - 5 potions of curing
 J - a potion of might
 L - 7 potions of heal wounds
 S - 2 potions of mutation
 V - 4 potions of agility
Miscellaneous
 h - a legendary deck of destruction
 m - a legendary deck of destruction
 p - a legendary deck of summoning
 w - a legendary deck of summoning
 z - an ornate deck of summoning {drawn: 1}
 B - 4 phantom mirrors
 C - a legendary deck of destruction
 D - a legendary deck of destruction
 H - a legendary deck of destruction
 N - a legendary deck of destruction
 O - a legendary deck of summoning
 P - a legendary deck of summoning
 T - a figurine of a ziggurat
 X - a legendary deck of escape {drawn: 4}
 Z - an ornate deck of summoning
Comestibles
 d - 23 rations


   Skills:
 O Level 27 Fighting
   Level 1.1(18.7) Short Blades
 O Level 27 Long Blades
 O Level 27 Armour
 O Level 27 Dodging
 - Level 5.0 Stealth
   Level 4.0 Shields
 + Level 24.3 Spellcasting
   Level 4.7 Conjurations
 - Level 2.1 Hexes
 - Level 3.0 Charms
 - Level 3.0 Necromancy
 O Level 27 Air Magic
 - Level 13.0 Invocations
 - Level 5.4 Evocations


You had 50 spell levels left.
You knew the following spells:

 Your Spells              Type           Power        Failure   Level  Hunger
a - Blink                 Tloc           N/A          1%          2    None
d - Tornado               Air            #######...   1%          9    ######.
g - Deflect Missiles      Chrm/Air       ######....   1%          6    None
p - Apportation           Tloc           ###...       1%          1    None
r - Regeneration          Chrm/Necr      ####......   1%          3    None
s - Spectral Weapon       Hex/Chrm       ####....     1%          3    None


Dungeon Overview and Level Annotations

Branches:
Dungeon (15/15)            Temple (1/1) D:4            Lair (6/6) D:8
  Swamp (4/4) Lair:3        Snake (4/4) Lair:4        Slime (5/5) Lair:5
    Orc (2/2) D:11            Elf (3/3) Orc:2        Vaults (5/5) D:14
  Crypt (3/3) Vaults:3       Tomb (3/3) Crypt:3      Depths (5/5) D:15
   Hell (1/1)                 Dis (7/7) Hell            Geh (7/7) Hell
    Coc (7/7) Hell            Tar (7/7) Hell            Zot (5/5) Depths:5

Altars:
Ashenzari
Cheibriados
Dithmenos
Elyvilon
Fedhas
Gozag
Hepliaklqana
Kikubaaqudgha
Makhleb
Nemelex Xobeh
Okawaru
Qazlal
Ru
Sif Muna
Trog
Uskayaw
Vehumet
Wu Jian
Xom
Yredelemnul
Zin
The Shining One
Beogh
Jiyva
Lugonu

Shops:
D:10 }%%   D:15 [   Orc:2 :(*[   Snake:4 *   Vaults:1 (   Vaults:4 =*:
Depths:1 *}}=   Depths:3 :*:*

Portals:
Hell: Depths:1 Depths:2 Depths:3 Depths:4 Depths:5
Abyss: Depths:3 Depths:4 Depths:5
Pandemonium: Depths:2 Depths:3

Annotations:
D:4 Menkaure
Tomb:3 Mara


Innate Abilities, Weirdness & Mutations

You have a beak for a mouth.
You have claws for feet.
You can fly continuously.
You are surrounded by a mild repulsion field. (EV +2)
You are partially covered in molten scales. (AC +2)
You are partially covered in slimy green scales. (AC +2)
Your skin changes colour to match your surroundings (Stealth+).
You have supernaturally acute eyesight. (SInv)
Your spells are a little easier to cast, but a little less powerful.


Message History

You see here a hand axe.
There is a stone staircase leading up here.
You fly upwards.
The gnoll shouts!
The gnoll completely misses you.
The gnoll is too close now for your liking.
There is a stone staircase leading down here.
The gnoll closely misses you.
You slash the gnoll! You freeze the gnoll.
You kill the gnoll!
(D) Dungeon (T) Temple (L) Lair (S) Swamp (P) Snake Pit (M) Slime Pits (O) Orcish Mines (E) Elven Halls (V) Vaults (C) Crypt (W) Tomb (U) Depths (H) Hell (I) Dis (G) Gehenna (X) Cocytus (Y) Tartarus (Z) Zot
Where to? (Enter - D:1, ? - help) You're already here!
There is a staircase leading out of the dungeon here.
Okay, then.
You have escaped!

##########.##########......
#.(#.............#..#..)..)
#.#...............#.#......
##.......#.#.......####.###
#......#.#.#.#......###.##
#.....##.#.#.##.....##...#
#####.......⌠#.#⌠.......#..#.##
###...#..#######.#######..#......
#...............@...........###.#
......#..#######.#######..#.# #.#
##[...#.......⌠#.#⌠.......#.###.#
..#...#.....##.#.#.##.....#.....#
##....#......#.#.#.#......###.###
.#....##.......#.#.......###...#
......#.#...............#.##...#
###.(.#..#.............#..##...#
# ##############.###########...#


There were no monsters in sight!

Vanquished Creatures
  Asmodeus (Geh:7)
  Antaeus (Coc:7)
  the Royal Jelly (Slime:5)
  Gloorx Vloq (Pan)
  Ereshkigal (Tar:7)
  A seraph (Zot:1)
  Mnoleg (Pan)
  Lom Lobon (Pan)
  Dispater (Dis:7)
  The ghost of Helmschank the Conqueror, a legendary MiFi of the Shining One (Pan)
  Mennas (Pan)
  4 orbs of fire (Zot:5)
  The ghost of cerealjynx the Crack Shot, a legendary MiBe of the Shining One (Pan)
  3 juggernauts
  9 ancient liches
  3 greater mummies
  Margery (Vaults:4)
  Sojobo (Depths:5)
  8 shard shrikes
  Vashnia (Snake:4)
  5 Killer Klowns
  A curse toe (Zot:4)
  4 golden dragons
  Geryon (Hell)
  Nikola (Swamp:4)
  6 bone dragons
  A golden dragon (shapeshifter) (Vaults:5)
  5 doom hounds
  12 Brimstone Fiends
  2 pearl dragons (Zig:12)
  Jorgrun (Swamp:3)
  9 pandemonium lords
  An electric golem (Zot:5)
  5 iron giants
  8 Tzitzimimeh
  16 Ice Fiends
  12 tentacled monstrosities
  7 Hell Sentinels
  17 liches
  21 Orb Guardians (Zot:5)
  2 deep elf blademasters (Elf:3)
  5 quicksilver dragons
  9 titans
  17 Executioners (Pan)
  2 deep elf master archers (Elf:3)
  19 ancient champions
  10 acid blobs
  6 death cobs
  16 sphinxes
  6 tentacled starspawn
  Gastronok (Lair:3)
  2 thorn hunters
  10 storm dragons
  23 shadow dragons
  4 tengu reavers
  10 revenants
  5 draconian monks
  A daeva (Zot:1)
  11 azure jellies
  12 nagarajas
  12 fire giants
  An orc warlord (Vaults:1)
  8 deep elf sorcerers
  5 draconian knights
  5 iron dragons
  17 frost giants
  A ghost moth (shapeshifter) (Depths:3)
  17 vault wardens
  7 ghost moths
  16 cacodemons (Pan)
  An emperor scorpion (Zig:7)
  10 blood saints
  29 balrugs
  6 deep elf elementalists (Elf:3)
  6 draconian scorchers
  6 draconian shifters
  3 draconian stormcallers
  An angel (Zig:12)
  7 warmongers (Pan)
  Aizul (Elf:1)
  6 ghouls
  7 curse skulls
  10 draconian annihilators
  11 ironheart preservers
  40 reapers
  3 spriggan defenders (Depths:3)
  17 war gargoyles
  6 entropy weavers
  6 ophanim (Zig:12)
  2 elemental wellsprings (Coc:7)
  22 stone giants
  2 bennus (Tomb:2)
  17 very ugly things
  4 apis (Zig:12)
  11 black draconians
  14 green draconians
  19 vampire knights
  9 lorocyprocas
  4 deep elf demonologists
  5 corrupters (Pan)
  3 halazid warlocks (Desolation)
  7 deep elf annihilators
  10 red draconians
  11 black suns
  12 yellow draconians
  5 white draconians
  5 spark wasps
  11 purple draconians
  An ettin (shapeshifter) (Vaults:3)
  20 ettins
  3 quicksilver dragon zombies
  5 eidola
  2 death oozes
  12 mummy priests
  13 green deaths
  44 blizzard demons
  8 deep elf death magi
  5 crystal guardians
  8 jiangshi
  A quicksilver dragon skeleton (Coc:7)
  2 merfolk impalers
  26 yaktaur captains
  11 naga warriors
  14 fire dragons
  A kraken zombie (Coc:4)
  8 hell beasts
  7 deep elf high priests
  9 rakshasas
  20 ice dragons
  16 great orbs of eyes
  7 ragged hierophants (Desolation)
  6 monstrous demonspawn (Pan)
  27 vault guards
  5 servants of whispers (Desolation)
  4 ghost crabs
  25 hydras
  8 spriggan air magi
  7 peacekeepers (Desolation)
  2 catoblepae
  7 centaur warriors
  2 satyrs (Abyss:4)
  12 death knights
  20 ogre magi
  54 two-headed ogres
  6 alligators
  10 anacondas
  34 dancing weapons
  15 death scarabs
  8 deep troll shamans
  13 tengu warriors
  11 vampire magi
  16 hell hogs
  25 naga sharpshooters
  6 death yaks (Lair:6)
  11 thrashing horrors
  3 orc high priests (Orc:2)
  8 deep troll earth magi
  Sonja (D:13)
  9 shock serpents
  4 storm dragon zombies
  9 spriggan berserkers
  6 titan zombies
  4 titan skeletons
  6 iron golems
  10 wretched stars
  11 iron trolls
  18 shadow wraiths
  2 fire crabs (Swamp:4)
  15 deep elf knights
  9 salamander mystics
  30 soul eaters
  2 fire crabs (shapeshifter)
  8 sixfirhies
  38 sun demons
  6 storm dragon skeletons
  73 skeletal warriors
  7 cherubim
  An unseen horror (Vaults:1)
  A spark wasp zombie (Crypt:2)
  7 glowing orange brains
  33 hell knights
  4 golden dragon zombies
  3 spriggan druids
  A ghost moth zombie (Dis:2)
  An unseen horror (shapeshifter) (Vaults:4)
  9 wizards
  12 swamp dragons
  3 shadow dragon zombies
  A spatial maelstrom (Abyss:3)
  18 shadow demons
  2 kraken simulacra
  6 anaconda zombies
  7 infernal demonspawn
  35 deep trolls
  5 gelid demonspawn (Pan)
  12 flayed ghosts
  8 torturous demonspawn (Pan)
  5 anaconda skeletons
  3 naga ritualists (Snake:4)
  A lindwurm (shapeshifter) (Depths:3)
  5 lindwurms
  11 ironbrand convokers
  A golden dragon skeleton (Coc:4)
  25 starcursed masses
  16 deep elf archers
  8 harpies
  4 shambling mangroves
  11 orc knights
  3 fire giant zombies
  6 iron dragon zombies
  18 phantasmal warriors
  4 wolf spiders
  A harpy (shapeshifter) (Depths:2)
  18 necromancers
  57 ugly things
  5 orc sorcerers
  2 shadow dragon skeletons
  2 shining eyes (Zig:11)
  3 frost giant zombies
  8 cyclopes
  60 deep elf magi
  An oklob plant (Swamp:2)
  13 salamanders
  2 salamanders (shapeshifter)
  7 elephants
  2 stone giant zombies
  16 mana vipers
  6 worldbinders
  An iron dragon skeleton (Crypt:2)
  4 frost giant skeletons
  5 orb spiders
  17 moths of wrath
  35 black mambas
  3 apocalypse crabs
  14 guardian serpents
  5 dire elephant zombies
  5 eyes of devastation
  Maurice (Orc:1)
  An elephant (shapeshifter) (Vaults:5)
  8 ice statues
  20 vault sentinels
  4 fire giant skeletons
  30 rust devils
  A black mamba (shapeshifter) (Depths:2)
  13 spiny frogs
  26 naga magi
  4 molten gargoyles
  A guardian serpent (shapeshifter) (Zig:13)
  5 titan simulacra (Coc:7)
  2 gargoyles
  6 storm dragon simulacra (Coc:7)
  17 orange demons
  38 smoke demons
  8 efreet
  3 emperor scorpion zombies
  A spiny frog (shapeshifter) (D:15)
  A komodo dragon (Lair:6)
  3 dire elephant skeletons
  33 ice devils
  A sea snake zombie (Crypt:2)
  14 hellions
  2 kobold demonologists (D:14)
  34 freezing wraiths
  A catoblepas zombie (Geh:7)
  13 hellwings
  14 guardian mummies
  28 red devils
  5 anaconda simulacra
  18 tormentors
  64 yaktaurs
  A white draconian skeleton (Crypt:1)
  A purple draconian skeleton (Crypt:2)
  4 rime drakes
  3 polar bears
  7 ancient zymes
  A queen bee (shapeshifter) (Vaults:1)
  5 tengu conjurers
  2 catoblepas skeletons
  11 tyrant leeches
  23 demonic crawlers
  10 hydra zombies
  A meliai (shapeshifter) (Vaults:1)
  A wind drake (shapeshifter) (Vaults:3)
  2 jumping spiders (Zig:8)
  2 golden dragon simulacra (IceCv)
  4 hydra skeletons
  12 wind drakes (Pan)
  2 iron dragon simulacra
  8 trolls
  A jumping spider (shapeshifter) (D:15)
  32 saltlings (Desolation)
  Prince Ribbit (D:8)
  2 blink frogs
  A harpy skeleton (Coc:3)
  24 hornets
  4 raiju (Abyss:2)
  A snapping turtle (shapeshifter) (Zig:13)
  A hornet (shapeshifter) (Vaults:5)
  5 hippogriffs
  3 alligator zombies
  4 ettin zombies
  78 slime creatures
  3 fire dragon zombies
  2 ice dragon zombies
  8 bog bodies
  A meliai zombie (D:15)
  2 black mamba zombies
  78 flying skulls
  A shapeshifter (Swamp:3)
  A spriggan (shapeshifter) (Depths:1)
  16 shadows
  2 fire dragon skeletons
  2 wyverns
  4 ice dragon skeletons
  5 redbacks
  5 spriggans
  6 air elementals
  19 wraiths
  39 yaks
  3 basilisks
  2 tarantellas
  3 ushabtiu (Tomb:1)
  16 water elementals
  4 ettin skeletons
  A fire bat (shapeshifter) (Depths:3)
  29 ynoxinuls
  14 fire elementals
  A human (shapeshifter) (Depths:3)
  A basilisk (shapeshifter) (Vaults:5)
  5 fire bats
  7 golden eyes
  4 alligator skeletons
  3 black mamba skeletons
  A golden eye (shapeshifter) (Depths:1)
  4 hungry ghosts
  Grum (D:11)
  2 hogs (D:7)
  29 chaos spawn
  25 neqoxecs
  19 vampire mosquitoes
  2 spatial vortices (Abyss:3)
  A swamp worm (shapeshifter) (Zig:13)
  A harpy simulacrum (IceCv)
  45 large abominations
  28 swamp worms
  43 nagas
  An iron troll simulacrum (IceCv)
  4 wargs
  2 acid dragons
  45 hell hounds
  4 insubstantial wisps
  A soldier ant (D:11)
  A soldier ant (shapeshifter) (Depths:5)
  5 water moccasins
  6 hydra simulacra
  4 floating eyes
  5 porcupines
  8 spiny frog zombies
  A monstrous demonspawn skeleton (Crypt:1)
  A merfolk skeleton (Pan)
  18 ice beasts
  2 snapping turtle zombies
  3 spiny frog skeletons
  12 eyes of draining
  36 orc warriors
  5 sky beasts
  3 black bears
  3 manticore zombies
  A swamp dragon zombie (Coc:3)
  4 ettin simulacra
  A fire dragon simulacrum (Abyss:4)
  18 swamp drakes
  14 necrophages
  A tengu (shapeshifter) (Depths:2)
  41 ogres
  8 boggarts
  2 phantoms
  A wolf (shapeshifter) (Depths:5)
  12 centaurs
  17 wolves
  A manticore skeleton (Pan)
  2 swamp dragon skeletons
  2 snapping turtle skeletons
  6 crocodiles
  5 big kobolds
  A draconian zombie (Crypt:2)
  4 elf zombies (Ossuary)
  2 wyvern zombies
  3 earth elementals
  2 gnoll sergeants (D:11)
  19 bullfrogs
  6 small abominations
  An elf skeleton (Coc:3)
  A salamander skeleton (Crypt:2)
  A wyvern skeleton (D:12)
  A cyclops skeleton (Crypt:1)
  A troll zombie (Crypt:1)
  5 scorpions
  14 killer bees
  A troll skeleton (Crypt:3)
  21 wights
  5 howler monkeys
  A spriggan skeleton (Pan)
  3 electric eels
  12 crimson imps
  2 quasits
  A black bear zombie (Crypt:2)
  2 human zombies (Ossuary)
  16 jellies
  A lava snake (D:8)
  22 orc wizards
  9 centaur zombies
  4 hounds
  27 orc priests
  4 centaur skeletons
  14 iron imps
  2 bullfrog skeletons (D:12)
  A human skeleton (Tar:7)
  2 iguanas
  8 worker ants
  A tengu zombie (Crypt:1)
  3 hound skeletons
  31 mummies
  A worker ant zombie (D:6)
  A howler monkey zombie (D:8)
  11 gnolls
  A howler monkey skeleton (Crypt:1)
  10 adders
  11 shadow imps
  19 white imps
  3 ufetubi
  11 oozes
  An iguana skeleton (Crypt:1)
  5 worms
  3 dart slugs
  9 leopard geckos
  87 orcs
  7 giant cockroaches
  10 goblins
  6 hobgoblins
  14 jackals
  16 kobolds
  8 quokkas
  A ball python (D:2)
  7 bats
  8 frilled lizards
  A gnoll skeleton (Crypt:2)
  2 kobold zombies
  A leopard gecko skeleton (D:5)
  An orc zombie (Coc:7)
  8 rats
  4 briar patches
  2 crawling corpses (Elf:3)
  4 fire vortices (Pan)
  6 fungi (Lair:5)
  5 plants
  6 starspawn tentacles
  2 tentacles (Coc:4)
4241 creatures vanquished.

Vanquished Creatures (collateral kills)
  3 orbs of fire (Zot:5)
  A Killer Klown (Zot:5)
  2 Orb Guardians (Zot:5)
  A quicksilver dragon (Depths:5)
  2 acid blobs (Depths:4)
  A thorn hunter (Swamp:3)
  Roxanne (Swamp:3)
  Frances (Swamp:1)
  A shadow dragon (Depths:5)
  2 azure jellies
  An imperial myrmidon (Desolation)
  An orc warlord (Orc:2)
  A curse skull (Crypt:2)
  An ironheart preserver (Vaults:4)
  A ghoul (Crypt:1)
  An entropy weaver (Vaults:4)
  2 stone giants
  A deep elf demonologist (Vaults:4)
  The ghost of MrDNA the Cruncher, a journeyman GnWn (Orc:1)
  A dire elephant (Lair:5)
  A deep elf annihilator (Elf:3)
  2 blizzard demons (Pan)
  A deep elf death mage (Crypt:2)
  A crystal guardian (Desolation)
  A death ooze (Depths:4)
  A fire dragon (D:15)
  The ghost of zureal the Severer, a journeyman MiBe of Trog (Lair:2)
  A great orb of eyes (Depths:5)
  2 hydras
  Fannar (D:10)
  A servant of whispers (Desolation)
  2 naga warriors (Snake:4)
  A centaur warrior (D:9)
  A vault guard (Vaults:4)
  3 alligators
  An ice dragon (Coc:7)
  A peacekeeper (Desolation)
  A two-headed ogre (Depths:3)
  2 death knights
  2 naga sharpshooters (Snake:4)
  An orc high priest (Orc:2)
  A hell knight (Vaults:4)
  2 naga magi
  A salamander mystic (Snake:4)
  A fire crab (Swamp:4)
  2 skeletal warriors
  A flayed ghost (Vaults:4)
  2 shambling mangroves
  A glowing orange brain (Depths:4)
  A shadow dragon zombie (Vaults:4)
  A golden dragon skeleton (Dis:7)
  5 swamp dragons
  A lindwurm (Snake:4)
  4 deep elf magi
  An ironbrand convoker (Desolation)
  Pikel (D:4)
  A phantasmal warrior (Vaults:4)
  2 orc sorcerers (Orc:2)
  An orb spider (Zig:8)
  A wolf spider (D:15)
  3 orc knights
  A stone giant zombie (Vaults:4)
  An oklob plant (Lair:4)
  A human zombie (Vaults:4)
  An ugly thing (D:15)
  A manticore (D:14)
  5 shining eyes
  A rust devil (Dis:7)
  21 elephants
  An eye of devastation (Depths:4)
  A water nymph (D:11)
  A black mamba (Snake:3)
  A gargoyle (D:15)
  4 spiny frogs
  2 yaktaurs (Vaults:4)
  4 freezing wraiths
  A troll (Orc:1)
  A polar bear (Lair:6)
  A tyrant leech (Swamp:2)
  3 hornets (Swamp:2)
  2 saltlings (Desolation)
  A bog body (Swamp:3)
  3 blink frogs (Lair:2)
  A hippogriff (D:5)
  11 slime creatures
  A vampire (D:15)
  3 spriggans
  A tarantella (Orc:2)
  2 redbacks (Vaults:4)
  5 yaks
  A basilisk (shapeshifter) (D:15)
  3 steam dragons
  A golden eye (Lair:5)
  A hog (D:7)
  A human (D:7)
  A neqoxec (Abyss:3)
  A vampire mosquito (D:14)
  A chaos spawn (Pan)
  4 nagas
  2 insubstantial wisps (D:7)
  A monstrous demonspawn zombie (Coc:7)
  2 slaves (D:4)
  6 orc warriors
  3 porcupines
  6 swamp drakes
  2 eyes of draining (Slime:1)
  5 sky beasts
  2 black bears
  A wolf (D:11)
  A centaur (D:5)
  3 ogres
  4 crocodiles
  A small abomination (Abyss:3)
  A big kobold (D:14)
  3 bullfrogs
  A scorpion (Orc:1)
  7 killer bees
  2 crimson imps
  4 howler monkeys
  A jelly (D:7)
  A bullfrog skeleton (D:5)
  4 orc priests
  6 orc wizards
  A shadow imp (D:8)
  An ooze (Orc:2)
  22 orcs
  4 kobolds (D:14)
  A quokka (D:8)
  A ball python (D:4)
  2 goblins
  3 fungi
287 creatures vanquished.

Vanquished Creatures (others)
  Cerebov (Pan)
  A titan (Pan)
  An eldritch tentacle (Pan)
  A storm dragon (Pan)
  A frost giant (Zig:16)
  2 draconian knights
  A fire giant (Geh:7)
  A very ugly thing (IceCv)
  A blood saint (Zot:1)
  A white draconian (Zot:5)
  2 blizzard demons
  An ice dragon (shapeshifter) (Zig:13)
  A shock serpent (Snake:3)
  An ice dragon (Zig:16)
  An anaconda (Snake:1)
  22 death scarabs (Tomb:2)
  A hell hog (Geh:7)
  A deep troll shaman (Depths:5)
  A deep elf knight (Elf:2)
  A soul eater (Tar:7)
  A skeletal warrior (Crypt:3)
  A spriggan (Depths:5)
  A wizard (Pan)
  2 swamp dragons (Swamp:4)
  A moth of wrath (Zot:5)
  A rust devil (Dis:7)
  A black mamba (Zig:15)
  The ghost of Eli the Carver, a novice BaFi of the Shining One (D:4)
  An orange demon (Pan)
  A storm dragon simulacrum (Zig:16)
  A spiny frog (Lair:6)
  A golden dragon simulacrum (IceCv)
  A wind drake (Pan)
  2 hornets (Depths:5)
  A saltling (Desolation)
  3 slime creatures (Swamp:4)
  4 dream sheep (Lair:5)
  4 flying skulls (Tomb:2)
  A wraith (Geh:7)
  A chaos spawn (Pan)
  4 swamp drakes (Swamp:4)
  2 slaves (D:4)
  4 mummies
  2 ball lightnings
  A block of ice (Pan)
  6 briar patches
  A fire vortex (Pan)
  18 fungi
  3 lurking horrors
  14 pillars of salt (Vaults:3)
  34 plants
  53 spectral weapons
  18 starspawn tentacles
  14 tentacles
247 creatures vanquished.

Grand Total: 4775 creatures vanquished

Notes
Turn   | Place    | Note
-------+----------+-------------------------------------------
     0 | D:1      | Dynast the Tengu Enchanter began the quest for the Orb.
     0 | D:1      | Reached XP level 1. HP: 10/10 MP: 4/4
   181 | D:1      | Reached skill level 1 in Fighting
   322 | D:1      | Reached XP level 2. HP: 16/16 MP: 6/6
   332 | D:1      | Learned a level 2 spell: Ensorcelled Hibernation
  1290 | D:1      | Reached XP level 3. HP: 22/22 MP: 1/7
  1545 | D:2      | Found a sparkling altar of Nemelex Xobeh.
  1555 | D:2      | Became a worshipper of Nemelex Xobeh the Trickster
  1619 | D:2      | Received a gift from Nemelex Xobeh
  2232 | D:2      | Reached XP level 4. HP: 28/28 MP: 5/8
  3259 | D:3      | Reached * piety under Nemelex Xobeh
  3471 | D:3      | Reached skill level 1 in Invocations
  3722 | D:3      | Gained mutation: You can fly. [Tengu growth]
  3722 | D:3      | Reached XP level 5. HP: 32/32 MP: 6/9
  3736 | D:3      | Learned a level 3 spell: Dazzling Spray
  3782 | D:3      | Found a deep blue altar of Sif Muna.
  3784 | D:3      | Found a bloodstained altar of Trog.
  3788 | D:3      | Found a glowing golden altar of the Shining One.
  4194 | D:4      | Noticed an angel
  4194 | D:4      | Found a shimmering altar of Xom.
  4194 | D:4      | Found a glowing silver altar of Zin.
  4289 | D:4      | Found a hazy altar of Hepliaklqana.
  4289 | D:4      | Found an ancient bone altar of Kikubaaqudgha.
  4289 | D:4      | Noticed Menkaure
  4406 | D:4      | Reached XP level 6. HP: 35/37 MP: 0/10
  4423 | D:4      | Killed Eli's ghost
  4583 | D:4      | Learned a level 3 spell: Confuse
  4600 | D:4      | Received a gift from Nemelex Xobeh
  4786 | D:4      | Reached ** piety under Nemelex Xobeh
  4874 | D:4      | Noticed a slave
  4875 | D:4      | Noticed Pikel
  4885 | D:4      | Noticed a slave
  4899 | D:4      | Killed a slave
  4908 | D:4      | Killed a slave
  4910 | D:4      | Killed a slave
  4912 | D:4      | Noticed a slave
  4918 | D:4      | Killed Pikel
  4918 | D:4      | Reached XP level 7. HP: 41/41 MP: 11/11
  4961 | D:4      | Found a staircase to the Ecumenical Temple.
  4970 | Temple   | Entered the Ecumenical Temple
  5552 | D:5      | Entered Level 5 of the Dungeon
  5552 | D:5      | Received a gift from Nemelex Xobeh
  5552 | D:5      | Noticed a hippogriff
  5567 | D:5      | Killed a hippogriff
  5567 | D:5      | Reached skill level 5 in Invocations
  5922 | D:5      | Reached XP level 8. HP: 40/48 MP: 3/12
  6315 | D:5      | Reached *** piety under Nemelex Xobeh
  6348 | D:5      | Learned a level 3 spell: Tukima's Dance
  6602 | D:5      | Received a gift from Nemelex Xobeh
  6820 | D:5      | Found a white marble altar of Elyvilon.
  7156 | D:6      | Found an ornate altar of the Wu Jian Council.
  7356 | D:6      | Reached skill level 5 in Stealth
  7534 | D:6      | Reached skill level 1 in Armour
  7919 | D:6      | Reached skill level 5 in Fighting
  8180 | D:7      | Reached XP level 9. HP: 54/54 MP: 14/14
  8603 | D:7      | Reached skill level 5 in Dodging
  8836 | D:7      | Received a gift from Nemelex Xobeh
  9024 | D:8      | Noticed an ogre mage
  9236 | D:8      | Found a sand-covered staircase.
  9254 | Ossuary  | Entered an ossuary
  9396 | Ossuary  | Reached skill level 5 in Armour
  9452 | Ossuary  | Reached XP level 10. HP: 47/61 MP: 14/16
  9687 | D:8      | Found a staircase to the Lair.
 10260 | D:8      | Learned a level 1 spell: Apportation
 10262 | D:8      | Noticed Prince Ribbit
 10265 | D:8      | Found an iron altar of Okawaru.
 10269 | D:8      | Killed Prince Ribbit
 10504 | D:8      | Reached **** piety under Nemelex Xobeh
 11383 | D:9      | Noticed a centaur warrior
 11396 | D:9      | Killed a centaur warrior
 11769 | D:10     | Entered Level 10 of the Dungeon
 11769 | D:10     | Noticed a two-headed ogre
 12060 | D:10     | Noticed an elephant
 12060 | D:10     | a two-headed ogre changed into an elephant
 12569 | D:10     | Reached XP level 11. HP: 62/69 MP: 15/18
 12967 | D:10     | Found Gulirch's Food Shoppe.
 12995 | D:10     | Received a gift from Nemelex Xobeh
 13042 | D:10     | Found Ygur's Food Shoppe.
 13074 | D:10     | Noticed Fannar
 13085 | D:10     | Killed Fannar
 13127 | D:10     | Noticed a manticore
 13149 | D:10     | Found Amiutret's Gadget Boutique.
 13269 | D:10     | Noticed a swamp dragon
 13269 | D:10     | a manticore changed into a swamp dragon
 13279 | D:10     | Killed a swamp dragon
 13316 | D:10     | Bought a wand of scattershot (6) for 450 gold pieces
 13418 | D:11     | Noticed a two-headed ogre
 13425 | D:11     | Found a staircase to the Orcish Mines.
 13445 | D:11     | Reached skill level 1 in Evocations
 13971 | D:11     | Noticed a manticore
 13975 | D:11     | a manticore changed into a water nymph
 13975 | D:11     | Noticed a moth of wrath
 13975 | D:11     | a two-headed ogre changed into a moth of wrath
 13979 | D:11     | Killed a moth of wrath
 14120 | D:11     | Noticed a cyclops
 14511 | D:11     | Received a gift from Nemelex Xobeh
 14585 | D:11     | Noticed a two-headed ogre
 14589 | D:11     | Killed a two-headed ogre
 14589 | D:11     | Reached skill level 5 in Evocations
 14724 | D:11     | Killed a cyclops
 14800 | D:11     | Got a fabulously ornate robe
 14801 | D:11     | Identified the +2 robe of the Hurricane {*Drain MR+ Str+3 Int+3} (You found it on level 11 of the Dungeon)
 15445 | D:11     | Noticed Grum
 15465 | D:11     | Killed Grum
 16314 | D:11     | Reached XP level 12. HP: 54/76 MP: 20/20
 16620 | D:11     | Received a gift from Nemelex Xobeh
 16704 | Lair:1   | Entered Level 1 of the Lair of Beasts
 16781 | Orc:1    | Entered Level 1 of the Orcish Mines
 17461 | Lair:1   | Received a gift from Nemelex Xobeh
 17961 | Lair:2   | Got a twitching silver amulet
 17993 | Lair:2   | Noticed zureal's ghost (journeyman MiBe)
 18000 | Lair:2   | Killed zureal's ghost
 18338 | Lair:2   | Received a gift from Nemelex Xobeh
 18455 | Lair:2   | Reached skill level 10 in Fighting
 18501 | Lair:2   | Reached skill level 10 in Invocations
 19074 | Lair:3   | Reached ***** piety under Nemelex Xobeh
 19074 | Lair:3   | Noticed a seven-headed hydra
 19077 | Lair:3   | Killed a seven-headed hydra
 19202 | Lair:3   | Received a gift from Nemelex Xobeh
 19265 | Lair:3   | Found a staircase to the Swamp.
 19405 | Lair:3   | Noticed Gastronok
 19442 | Lair:3   | Killed Gastronok
 19896 | Lair:3   | Received a gift from Nemelex Xobeh
 19994 | Lair:3   | Got a faintly glowing spear
 19995 | Lair:3   | Identified the +8 spear of Gozag's Fury {freeze, rN+ Str+3} (You found it on level 3 of the Lair of Beasts)
 20401 | Lair:4   | Received a gift from Nemelex Xobeh
 20450 | Lair:4   | Reached skill level 10 in Dodging
 20456 | Lair:4   | Reached XP level 13. HP: 54/83 MP: 19/21
 20701 | Lair:4   | Received a gift from Nemelex Xobeh
 21022 | Lair:4   | Found a staircase to the Snake Pit.
 21037 | Lair:4   | Reached skill level 10 in Armour
 21129 | Lair:4   | Received a gift from Nemelex Xobeh
 21236 | Lair:4   | Received a gift from Nemelex Xobeh
 22021 | Lair:5   | Noticed a dire elephant
 22034 | Lair:5   | Killed a dire elephant
 22385 | Lair:5   | Received a gift from Nemelex Xobeh
 22727 | Lair:5   | Reached ****** piety under Nemelex Xobeh
 22829 | Lair:5   | Found a staircase to the Slime Pits.
 22983 | Lair:5   | Received a gift from Nemelex Xobeh
 23448 | Lair:6   | Entered Level 6 of the Lair of Beasts
 23569 | Lair:6   | Received a gift from Nemelex Xobeh
 24373 | Lair:6   | Gained mutation: You can fly continuously. [Tengu growth]
 24373 | Lair:6   | Reached XP level 14. HP: 91/91 MP: 20/23
 24688 | Lair:6   | Reached skill level 1 in Long Blades
 25080 | Orc:1    | Found a bloodstained altar of Trog.
 25098 | Orc:2    | Entered Level 2 of the Orcish Mines
 25158 | Orc:2    | Received a gift from Nemelex Xobeh
 25508 | D:10     | Bought a wand of digging (10) for 420 gold pieces
 25508 | D:10     | Bought a wand of clouds (4) for 360 gold pieces
 25658 | Orc:2    | Noticed a stone giant
 25673 | Orc:2    | Killed a stone giant
 25706 | Orc:2    | Noticed an orc warlord
 25740 | Orc:2    | Killed an orc warlord
 25918 | Orc:2    | Reached skill level 5 in Long Blades
 26254 | Orc:2    | Received a gift from Nemelex Xobeh
 26328 | Orc:2    | Found a staircase to the Elven Halls.
 26656 | Orc:2    | Found a runed door.
 26803 | Orc:2    | Found Viomaev's Antique Armour Shoppe.
 26804 | Orc:2    | Found Ufoy's Antique Weapon Shoppe.
 26805 | Orc:2    | Found Xauc Lep's General Store.
 26805 | Orc:2    | Found Qelaumat's Book Emporium.
 26821 | Orc:2    | Bought a pair of glowing gloves for 225 gold pieces
 27182 | Orc:2    | Received a gift from Nemelex Xobeh
 27215 | Orc:2    | Found a roughly hewn altar of Beogh.
 28312 | D:12     | Received a gift from Nemelex Xobeh
 28483 | D:13     | Noticed Sonja
 28486 | D:13     | Killed Sonja
 28821 | D:13     | Received a gift from Nemelex Xobeh
 28908 | D:13     | Reached skill level 10 in Long Blades
 29061 | D:13     | Found a blossoming altar of Fedhas.
 29347 | D:13     | Reached XP level 15. HP: 57/96 MP: 24/24
 29973 | D:14     | Received a gift from Nemelex Xobeh
 30241 | D:14     | Found an iron altar of Okawaru.
 30810 | D:14     | Received a gift from Nemelex Xobeh
 30866 | D:14     | Found a gate to the Vaults.
 30993 | D:14     | Identified the cursed +1 hand axe "Lereg" {freeze, rF- rN+ Str+3} (You took it off a kobold on level 14 of the Dungeon)
 31007 | D:15     | Entered Level 15 of the Dungeon
 31308 | D:15     | Found Yloedief's Armour Shoppe.
 31384 | D:15     | Found an opulent altar of Gozag.
 32045 | D:15     | Received a gift from Nemelex Xobeh
 33235 | D:15     | Received a gift from Nemelex Xobeh
 33709 | D:15     | Identified a scroll of acquirement
 33719 | D:15     | Got a spiked cloak
 33725 | D:15     | Identified the +1 cloak of Juxubbedd {rElec MR++ Int+2 Dex-4} (You acquired it on level 15 of the Dungeon)
 33746 | D:15     | Gained mutation: Armour fits poorly on your strangely shaped body. [potion of mutation]
 33746 | D:15     | Gained mutation: You are robust. (+10% HP) [potion of mutation]
 33747 | D:15     | Lost mutation: Armour fits poorly on your strangely shaped body. [potion of mutation]
 33747 | D:15     | Lost mutation: You are robust. (+10% HP) [potion of mutation]
 33747 | D:15     | Gained mutation: You expend magic power (3 MP) to strengthen your wands. [potion of mutation]
 33747 | D:15     | Gained mutation: You are frail. (-10% HP) [potion of mutation]
 33747 | D:15     | Gained mutation: You are agile. (Dex +2) [potion of mutation]
 33951 | D:15     | Noticed a juggernaut
 34106 | Orc:1    | Noticed Maurice
 34255 | Orc:1    | Noticed MrDNA's ghost (journeyman GnWn)
 34258 | Orc:1    | Noticed Erica
 34258 | Orc:1    | Killed Maurice
 34261 | Orc:1    | Noticed Erica
 34261 | Orc:1    | Erica changed into Erica the swamp dragon
 34269 | Orc:1    | Killed MrDNA's ghost
 34272 | Orc:1    | Killed Erica the swamp dragon
 34645 | Orc:2    | Bought a wand of iceblast (9) for 143 gold pieces
 34796 | D:10     | Bought a wand of scattershot (4) for 360 gold pieces
 34924 | Swamp:1  | Entered Level 1 of the Swamp
 34969 | Swamp:1  | Received a gift from Nemelex Xobeh
 35000 | Swamp:1  | Noticed Frances
 35006 | Swamp:1  | Killed Frances
 35168 | Swamp:1  | Reached XP level 16. HP: 57/92 MP: 26/26
 36450 | Swamp:2  | Received a gift from Nemelex Xobeh
 37676 | Swamp:3  | Found a shattered altar of Ashenzari.
 37786 | Swamp:3  | Noticed Roxanne
 37807 | Swamp:3  | Killed Roxanne
 37815 | Swamp:3  | Identified Roxanne's Tome of Transmutation (You took it off Roxanne on level 3 of the Swamp)
 37882 | Swamp:3  | Noticed a thorn hunter
 37933 | Swamp:3  | Noticed Jorgrun
 37949 | Swamp:3  | Killed Jorgrun
 37955 | Swamp:3  | Killed a thorn hunter
 38052 | Swamp:3  | Lost mutation: You are frail. (-10% HP) [potion of mutation]
 38052 | Swamp:3  | Lost mutation: You are agile. (Dex +2) [potion of mutation]
 38052 | Swamp:3  | Gained mutation: You are robust. (+10% HP) [potion of mutation]
 38052 | Swamp:3  | Gained mutation: You do not regenerate when monsters are visible. [potion of mutation]
 38052 | Swamp:3  | Gained mutation: You have a somewhat thin skeletal structure. (Dex +2, Stealth) [potion of mutation]
 38052 | Swamp:3  | Gained mutation: You evolve. [potion of mutation]
 38252 | Swamp:3  | Received a gift from Nemelex Xobeh
 38585 | Swamp:4  | Entered Level 4 of the Swamp
 38586 | Swamp:4  | Upgraded the game from 0.21-b1-23-g1fb0a74 to 0.21.0
 38686 | Swamp:4  | Noticed a thorn hunter
 38696 | Swamp:4  | Killed a thorn hunter
 38794 | Swamp:4  | Received a gift from Nemelex Xobeh
 39855 | Swamp:4  | Received a gift from Nemelex Xobeh
 39898 | Swamp:4  | Noticed Nikola
 39921 | Swamp:4  | Reached XP level 17. HP: 96/119 MP: 27/27
 39934 | Swamp:4  | Killed Nikola
 40311 | Swamp:4  | Got a decaying rune of Zot
 40725 | Snake:1  | Entered Level 1 of the Snake Pit
 41356 | Snake:1  | Received a gift from Nemelex Xobeh
 41431 | Snake:1  | Identified the +7 chain mail of Tenacity {rF++ Int+2} (You found it on level 1 of the Snake Pit)
 41635 | Snake:1  | Received a gift from Nemelex Xobeh
 41957 | Lair:2   | Identified the amulet of Woch {Spirit +Inv rElec rN+++ Str-4} (You found it on level 2 of the Lair of Beasts)
 42775 | Snake:2  | Received a gift from Nemelex Xobeh
 43465 | Snake:3  | Received a gift from Nemelex Xobeh
 43544 | Snake:3  | Reached skill level 15 in Long Blades
 43929 | Snake:3  | Received a gift from Nemelex Xobeh
 44070 | Snake:3  | Received a gift from Nemelex Xobeh
 44504 | Snake:3  | Received a gift from Nemelex Xobeh
 44832 | Snake:4  | Entered Level 4 of the Snake Pit
 44833 | Snake:4  | Found Keblaid's Assorted Antiques.
 44849 | Snake:4  | Bought a potion of haste for 270 gold pieces
 44849 | Snake:4  | Bought a scroll labeled ENKIHE NUAS for 27 gold pieces
 44849 | Snake:4  | Bought a crude buckler for 256 gold pieces
 44849 | Snake:4  | Identified the cursed +0 buckler "Lipiam" {MR++} (You bought it in a shop on level 4 of the Snake Pit)
 45747 | Snake:4  | Reached XP level 18. HP: 113/128 MP: 28/28
 45867 | Snake:4  | Received a gift from Nemelex Xobeh
 46241 | Snake:4  | Gained mutation: Your magical capacity is low. (-10% MP) [evolution]
 48092 | Snake:4  | Reached skill level 15 in Armour
 48472 | Snake:4  | Reached skill level 15 in Fighting
 48857 | Snake:4  | Noticed Vashnia
 48942 | Snake:4  | Killed Vashnia
 49161 | Snake:4  | Got a serpentine rune of Zot
 50066 | D:15     | Bought the +3 pair of gloves of the Monkey {rF++ Str+6 Dex-5} for 783 gold pieces
 50291 | Elf:1    | Entered Level 1 of the Elven Halls
 51051 | Elf:1    | Noticed Aizul
 51069 | Elf:1    | Killed Aizul
 51069 | Elf:1    | Reached XP level 19. HP: 117/136 MP: 23/26
 51470 | Elf:1    | Received a gift from Nemelex Xobeh
 51769 | Elf:2    | Found a flickering gateway to a bazaar.
 51781 | Bazaar   | Entered a bazaar
 51781 | Bazaar   | Found Reoroud's Weapon Boutique.
 51781 | Bazaar   | Found Riotos's Food Boutique.
 51795 | Bazaar   | Found Rodghey's Weapon Emporium.
 51844 | Bazaar   | Found Josuofoz's Book Shoppe.
 52171 | Elf:2    | Found a runed gate.
 52171 | Elf:2    | Found a runed gate.
 52172 | Elf:2    | Found a runed gate.
 52292 | Elf:2    | Received a gift from Nemelex Xobeh
 53004 | Elf:2    | Received a gift from Nemelex Xobeh
 53277 | Elf:3    | Entered Level 3 of the Elven Halls
 53417 | Elf:3    | Found a frozen archway.
 53462 | IceCv    | Entered an ice cave
 53520 | IceCv    | Gained mutation: Your mind is acute. (Int +2) [evolution]
 53520 | IceCv    | Lost mutation: You evolve. [end of evolution]
 55020 | Elf:3    | Received a gift from Nemelex Xobeh
 55598 | Elf:3    | Reached XP level 20. HP: 135/144 MP: 25/27
 57121 | Elf:3    | Identified the Disquisition on Orientation and Transformation
 57137 | Elf:3    | Identified the Handbook of the Mutagenic Frostbite
 57536 | Vaults:1 | Entered Level 1 of the Vaults
 57546 | Vaults:1 | Reached skill level 1 in Shields
 58147 | Vaults:1 | You are sucked into a shaft!
 58271 | Vaults:2 | Received a gift from Nemelex Xobeh
 58801 | Vaults:2 | Received a gift from Nemelex Xobeh
 59099 | Vaults:2 | Received a gift from Nemelex Xobeh
 59446 | Vaults:2 | Received a gift from Nemelex Xobeh
 59651 | Vaults:2 | Got a slimy garnet amulet
 59652 | Vaults:2 | Identified the amulet of Kigubb {Spirit rN++ Int+5} (You acquired it on level 2 of the Vaults)
 60119 | Vaults:3 | Identified the +8 falchion of the Volcano {freeze, *Corrode +Blink rN+++} (You found it on level 3 of the Vaults)
 60123 | Vaults:3 | Found a ruined gateway.
 60168 | Desolati | Entered the Desolation of Salt
 60168 | Desolati | Received a gift from Nemelex Xobeh
 60239 | Desolati | Reached XP level 21. HP: 147/152 MP: 21/28
 60314 | Desolati | Got a warped granite ring
 60315 | Desolati | Identified the cursed ring "Fiwochut" {*Drain rPois rF+++ Str-2 Stlth+} (You found it in the Desolation of Salt)
 60410 | Desolati | Received a gift from Nemelex Xobeh
 60692 | Desolati | Identified the ring "Boatwola" {MP+9 Dex+6 SInv} (You found it in the Desolation of Salt)
 60702 | Desolati | Identified the amulet "Zecisou" {*Corrode +Rage rPois rN++ Str+4} (You found it in the Desolation of Salt)
 60706 | Desolati | Identified the ring "Qoffae Wolasch" {Wiz rPois Dex+5 Stlth-} (You found it in the Desolation of Salt)
 60860 | Desolati | Got a glittering lapis lazuli ring
 60862 | Desolati | Identified the ring of Kiubrom {*Slow rPois rF++ MP+9 Str+2} (You took it off an imperial myrmidon in the Desolation of Salt)
 61042 | Desolati | Found the +0 mask of the Dragon {MR+ Slay+3 SInv}
 61042 | Desolati | Received a gift from Nemelex Xobeh
 61059 | Desolati | Got a steaming falchion
 61060 | Desolati | Identified the +3 falchion of Unpleasantness {flame, MR+ Str+6} (You found it in the Desolation of Salt)
 61299 | Vaults:3 | Received a gift from Nemelex Xobeh
 61567 | Vaults:3 | Learned a level 3 spell: Regeneration
 61571 | Vaults:3 | Learned a level 3 spell: Spectral Weapon
 61883 | Vaults:3 | Received a gift from Nemelex Xobeh
 61935 | Vaults:3 | Reached skill level 1 in Necromancy
 61942 | Vaults:3 | Reached skill level 1 in Charms
 62020 | Vaults:3 | Lost mutation: Your magical capacity is low. (-10% MP) [potion of mutation]
 62020 | Vaults:3 | Lost mutation: You expend magic power (3 MP) to strengthen your wands. [potion of mutation]
 62020 | Vaults:3 | Lost mutation: You are robust. (+10% HP) [potion of mutation]
 62020 | Vaults:3 | Lost mutation: Your mind is acute. (Int +2) [potion of mutation]
 62020 | Vaults:3 | Gained mutation: You tend to lose your temper in combat. [potion of mutation]
 62020 | Vaults:3 | Gained mutation: You are agile. (Dex +2) [potion of mutation]
 62021 | Vaults:3 | Lost mutation: You are agile. (Dex +2) [potion of mutation]
 62021 | Vaults:3 | Lost mutation: You do not regenerate when monsters are visible. [potion of mutation]
 62021 | Vaults:3 | Gained mutation: Your flesh is cold resistant. (rC+) [potion of mutation]
 62021 | Vaults:3 | Gained mutation: You have sharp fingernails. [potion of mutation]
 62477 | Vaults:3 | Found a staircase to the Crypt.
 62477 | Vaults:3 | Found an ancient bone altar of Kikubaaqudgha.
 62478 | Vaults:3 | Found a basalt altar of Yredelemnul.
 62538 | Vaults:3 | Received a gift from Nemelex Xobeh
 62758 | Crypt:1  | Entered Level 1 of the Crypt
 63957 | Crypt:1  | Reached XP level 22. HP: 128/146 MP: 23/32
 65702 | Crypt:2  | Received a gift from Nemelex Xobeh
 66874 | Crypt:2  | Received a gift from Nemelex Xobeh
 67090 | Crypt:3  | Entered Level 3 of the Crypt
 67536 | Crypt:3  | Found a staircase to the Tomb.
 67707 | Crypt:3  | Cast into level 2 of the Abyss (hell knight)
 67707 | Abyss:2  | Received a gift from Nemelex Xobeh
 67959 | Crypt:3  | Escaped the Abyss
 68183 | Crypt:3  | Found an ancient bone altar of Kikubaaqudgha.
 68201 | Crypt:3  | Found the macabre finger necklace {rN+}
 68212 | Crypt:3  | Identified the ring "Roetrysa" {+Fly rN+} (You found it on level 3 of the Crypt)
 68265 | Crypt:3  | Noticed an ancient lich
 68278 | Crypt:3  | Killed an ancient lich
 68326 | Crypt:3  | Reached XP level 23. HP: 95/153 MP: 18/33
 68742 | Crypt:3  | Identified Dinleats's Reference Book on Evil
 69643 | Vaults:4 | Received a gift from Nemelex Xobeh
 69705 | Vaults:4 | Found Benolioh's Book Boutique.
 70080 | Vaults:4 | Noticed Margery
 70089 | Vaults:4 | Killed Margery
 70562 | Vaults:4 | Found Taisanlajeo's Jewellery Shop.
 70573 | Vaults:4 | Found Achibbol's General Store.
 70581 | Vaults:4 | Bought a +2 buckler for 313 gold pieces
 70595 | Vaults:4 | Received a gift from Nemelex Xobeh
 71720 | Vaults:1 | Received a gift from Nemelex Xobeh
 71812 | Vaults:1 | Lost mutation: You tend to lose your temper in combat. [potion of mutation]
 71812 | Vaults:1 | Lost mutation: You have sharp fingernails. [potion of mutation]
 71812 | Vaults:1 | Lost mutation: You have a somewhat thin skeletal structure. (Dex +2, Stealth) [potion of mutation]
 71812 | Vaults:1 | Gained mutation: You are partially covered in molten scales. (AC +2) [potion of mutation]
 71812 | Vaults:1 | Gained mutation: You are agile. (Dex +2) [potion of mutation]
 72104 | Vaults:1 | Found Haerud Zoddu's Weapon Shop.
 72431 | Vaults:1 | Identified the cursed +1 chain mail "Kuraul" {+Fly Dex+4} (You found it on level 1 of the Vaults)
 72675 | D:15     | Found a staircase to the Depths.
 72683 | Depths:1 | Entered Level 1 of the Depths
 72708 | Depths:1 | Reached XP level 24. HP: 157/162 MP: 31/33
 72789 | Depths:1 | Found a gateway to Hell.
 72801 | Depths:1 | Found Tocuh's Island Escapes.
 72817 | Depths:1 | Bought a potion of invisibility for 128 gold pieces
 72817 | Depths:1 | Bought a potion of invisibility for 128 gold pieces
 72817 | Depths:1 | Bought a scroll of fog for 32 gold pieces
 72817 | Depths:1 | Bought a scroll of blinking for 120 gold pieces
 72817 | Depths:1 | Bought a potion of invisibility for 128 gold pieces
 72994 | Depths:1 | Found a gateway to a ziggurat.
 73090 | Depths:1 | Received a gift from Nemelex Xobeh
 73229 | Depths:1 | Found Gonaorhe's Gadget Emporium.
 73230 | Depths:1 | Found Durymm's Jewellery Boutique.
 73231 | Depths:1 | Found Ciomn's Gadget Emporium.
 73237 | Depths:1 | Bought a wand of acid (8) for 528 gold pieces
 74876 | Depths:2 | Received a gift from Nemelex Xobeh
 74955 | Depths:2 | Found a sacrificial altar of Ru.
 75058 | Depths:2 | Found a one-way gate leading to the halls of Pandemonium.
 75264 | Depths:2 | Received a gift from Nemelex Xobeh
 75614 | Depths:2 | Identified the +7 chain mail "Wiczyot" {-Cast rPois Str+3} (You found it on level 2 of the Depths)
 76052 | Depths:3 | Paralysed by a floating eye for 4 turns
 76232 | Depths:3 | Noticed a juggernaut
 76253 | Depths:3 | Killed a juggernaut
 76312 | Depths:3 | Reached XP level 25. HP: 141/169 MP: 30/33
 76443 | Depths:3 | Found Pecaq's General Store.
 76443 | Depths:3 | Found Paemeaba's Book Shoppe.
 76753 | Depths:3 | Found Wiocef's Assorted Antiques.
 76753 | Depths:3 | Found Zuasch's Book Boutique.
 76771 | Depths:3 | Bought a book of Enchantments for 600 gold pieces
 76771 | Depths:3 | Bought a book of Minor Magic for 240 gold pieces
 76774 | Depths:3 | Learned a level 2 spell: Blink
 76781 | Depths:3 | Learned a level 6 spell: Deflect Missiles
 77084 | Depths:3 | Noticed a juggernaut
 77093 | Depths:3 | Killed a juggernaut
 77176 | Depths:3 | Received a gift from Nemelex Xobeh
 77380 | Depths:3 | Found a one-way gate to the infinite horrors of the Abyss.
 78075 | Depths:4 | Identified the ring "Var Zesk" {MR+ Int+2} (You found it on level 4 of the Depths)
 78088 | Depths:4 | Found a viscous altar of Jiyva.
 78147 | Depths:4 | Received a gift from Nemelex Xobeh
 78465 | Depths:4 | Received a gift from Nemelex Xobeh
 78698 | Depths:4 | Found a shattered altar of Ashenzari.
 78962 | Depths:4 | Found a transporter.
 78965 | Depths:4 | Received a gift from Nemelex Xobeh
 79043 | Depths:4 | Found a transporter.
 79143 | Depths:5 | Entered Level 5 of the Depths
 79311 | Depths:5 | Reached XP level 26. HP: 107/179 MP: 18/33
 79332 | Depths:5 | Noticed a juggernaut
 79365 | Depths:5 | Killed a juggernaut
 79975 | Depths:5 | Found a gate to the Realm of Zot.
 80216 | Depths:5 | Found a corrupted altar of Lugonu.
 80326 | Depths:5 | Noticed Sojobo
 80353 | Depths:5 | Killed Sojobo
 80367 | Depths:5 | Received a gift from Nemelex Xobeh
 80753 | Vaults:5 | Entered Level 5 of the Vaults
 80770 | Vaults:5 | Reached skill level 1 in Air Magic
 80827 | Vaults:5 | Reached skill level 5 in Air Magic
 80857 | Vaults:5 | Reached skill level 5 in Spellcasting
 81254 | Vaults:5 | Identified the +10 pearl dragon scales of Fuchomog {rN+ Dex+10} (You found it on level 5 of the Vaults)
 81396 | Vaults:5 | Found the +4 Vampire's Tooth {vamp}
 81473 | Vaults:5 | Noticed an ancient lich
 81486 | Vaults:5 | Killed an ancient lich
 81486 | Vaults:5 | Reached skill level 10 in Air Magic
 81486 | Vaults:5 | Reached XP level 27. HP: 108/184 MP: 19/35
 81664 | Vaults:5 | Received a gift from Nemelex Xobeh
 82246 | Vaults:5 | Received a gift from Nemelex Xobeh
 82380 | Vaults:5 | Got a silver rune of Zot
 82526 | Vaults:5 | Identified the +1 pair of gloves "Dypnatou" {rC+ Regen+ SInv} (You found it on level 5 of the Vaults)
 82949 | Slime:1  | Entered Level 1 of the Pits of Slime
 83091 | Slime:5  | Entered Level 5 of the Pits of Slime
 83111 | Slime:5  | Reached skill level 10 in Spellcasting
 83131 | Slime:5  | Received a gift from Nemelex Xobeh
 83136 | Slime:5  | Found a viscous altar of Jiyva.
 83137 | Slime:5  | Noticed the Royal Jelly
 83146 | Slime:5  | Killed the Royal Jelly
 83204 | Slime:5  | Got a slimy rune of Zot
 83239 | Slime:5  | Identified the ring "Huowk" {Wiz *Contam +Blink rElec} (You found it on level 5 of the Pits of Slime)
 83248 | Slime:5  | Identified the +2 chain mail "Cof Uni" {Int+5} (You found it on level 5 of the Pits of Slime)
 83252 | Slime:5  | Identified the ring "Coumike" {Int+6 Slay+3} (You found it on level 5 of the Pits of Slime)
 83772 | Elf:3    | Learned a level 9 spell: Tornado
 84222 | Depths:3 | Voluntarily entered the Abyss.
 84332 | Abyss:2  | Found an ornate altar of the Wu Jian Council.
 84392 | Abyss:2  | Received a gift from Nemelex Xobeh
 84448 | Abyss:2  | Found a corrupted altar of Lugonu.
 84531 | Abyss:2  | Received a gift from Nemelex Xobeh
 84646 | Abyss:2  | Reached skill level 15 in Air Magic
 84778 | Abyss:2  | Received a gift from Nemelex Xobeh
 84921 | Abyss:3  | Received a gift from Nemelex Xobeh
 85164 | Abyss:4  | Found a corrupted altar of Lugonu.
 85431 | Abyss:4  | Paralysed by accursed screaming for 1 turns
 85436 | Abyss:4  | Got an abyssal rune of Zot
 85437 | Abyss:4  | Paralysed by accursed screaming for 2 turns
 85554 | Abyss:4  | Received a gift from Nemelex Xobeh
 85616 | Abyss:4  | Found a corrupted altar of Lugonu.
 85616 | Abyss:4  | Found a corrupted altar of Lugonu.
 85652 | Abyss:5  | Entered Level 5 of the Abyss
 85669 | Depths:3 | Escaped the Abyss
 85828 | Pan      | Entered Pandemonium
 85954 | Pan      | Noticed Caagelizoz the pandemonium lord
 85972 | Pan      | Killed Caagelizoz the pandemonium lord
 86127 | Pan      | Received a gift from Nemelex Xobeh
 86245 | Pan      | Noticed Mennas
 86283 | Pan      | Killed Mennas
 86894 | Pan      | Received a gift from Nemelex Xobeh
 87356 | Pan      | Noticed Reat the pandemonium lord
 87384 | Pan      | Killed Reat the pandemonium lord
 87930 | Pan      | Entered the realm of Gloorx Vloq.
 87930 | Pan      | Received a gift from Nemelex Xobeh
 87966 | Pan      | Noticed cerealjynx's ghost (legendary MiBe)
 88025 | Pan      | Killed cerealjynx's ghost
 88201 | Pan      | Received a gift from Nemelex Xobeh
 88382 | Pan      | Received a gift from Nemelex Xobeh
 88520 | Pan      | Noticed Gloorx Vloq
 88542 | Pan      | Killed Gloorx Vloq
 88542 | Pan      | Reached skill level 15 in Spellcasting
 88568 | Pan      | Got a dark rune of Zot
 88936 | Pan      | Noticed Eckol the pandemonium lord
 88937 | Pan      | Received a gift from Nemelex Xobeh
 88984 | Pan      | Killed Eckol the pandemonium lord
 89272 | Pan      | Received a gift from Nemelex Xobeh
 89623 | Depths:2 | Escaped Pandemonium
 89707 | Zig:1    | Entered Level 1 of a ziggurat
 89741 | Zig:2    | Entered Level 2 of a ziggurat
 89778 | Zig:3    | Entered Level 3 of a ziggurat
 89820 | Zig:4    | Entered Level 4 of a ziggurat
 89845 | Zig:5    | Entered Level 5 of a ziggurat
 89873 | Zig:5    | Identified the +9 scimitar of Deflation {slice, rElec} (You found it on level 5 of a ziggurat)
 89876 | Zig:5    | Got a shimmering golden ring
 89877 | Zig:5    | Identified the ring of Pantheism {+Inv rPois AC+1 Slay+3 Stlth-} (You found it on level 5 of a ziggurat)
 89884 | Zig:6    | Entered Level 6 of a ziggurat
 89907 | Zig:6    | Got a fine gossamer ring
 89911 | Zig:6    | Identified the ring "Aceuf" {rElec rF+} (You found it on level 6 of a ziggurat)
 90037 | Zig:7    | Entered Level 7 of a ziggurat
 90045 | Zig:7    | Found the ring of Phasing {EV+8}
 90158 | Zig:8    | Entered Level 8 of a ziggurat
 90374 | Zig:9    | Entered Level 9 of a ziggurat
 90398 | Zig:9    | Identified the +2 large shield of Plog {+Blink rC+ rN+ MR-} (You found it on level 9 of a ziggurat)
 90415 | Zig:10   | Entered Level 10 of a ziggurat
 90449 | Zig:10   | Got a fine lead ring
 90496 | Zig:11   | Entered Level 11 of a ziggurat
 90511 | Zig:11   | Gained mutation: Your magical capacity is low. (-10% MP) [a shining eye]
 90523 | Zig:11   | Got a crude bone amulet
 90524 | Zig:11   | Identified the ring of the Meadowlark {rPois Int+3} (You found it on level 10 of a ziggurat)
 90526 | Zig:11   | Identified the amulet "Todaemir" {Faith SInv} (You found it on level 11 of a ziggurat)
 90622 | Zig:12   | Entered Level 12 of a ziggurat
 90629 | Zig:12   | Received a gift from Nemelex Xobeh
 90684 | Zig:12   | Got a glittering lapis lazuli ring
 90685 | Zig:12   | Identified the ring "Vuugi" {Wiz rC+ Str+3 Stlth+} (You found it on level 12 of a ziggurat)
 90809 | Zig:13   | Entered Level 13 of a ziggurat
 90817 | Zig:13   | Noticed an ancient lich
 90835 | Zig:13   | Killed an ancient lich
 90970 | Zig:13   | Identified the +8 fire dragon scales of the Hart {rF++ rC- Regen+} (You found it on level 13 of a ziggurat)
 91010 | Zig:14   | Entered Level 14 of a ziggurat
 91177 | Zig:14   | Identified the +2 pair of gloves "Poolicur" {rN+ Int+4} (You found it on level 14 of a ziggurat)
 91264 | Zig:15   | Entered Level 15 of a ziggurat
 91300 | Zig:15   | Found the +18 shield of the Gong {rElec rN+ MR+ EV-5}
 91313 | Zig:15   | Got an ancient glass ring
 91314 | Zig:15   | Identified the ring of Elaor {Ice rPois} (You found it on level 15 of a ziggurat)
 91321 | Zig:15   | Got an ancient sapphire amulet
 91322 | Zig:15   | Identified the amulet "Hiwytiemu" {Faith *Drain rC- MP+9 Str+10} (You found it on level 15 of a ziggurat)
 91414 | Zig:16   | Entered Level 16 of a ziggurat
 91640 | Zig:16   | Got a translucent diamond amulet
 91641 | Zig:16   | Identified the amulet of Kuqoym {+Rage rN+ Int-4 Slay+2} (You found it on level 16 of a ziggurat)
 91835 | Pan      | Entered Pandemonium
 91908 | Pan      | Received a gift from Nemelex Xobeh
 91962 | Pan      | Noticed Emudwuru the pandemonium lord
 92035 | Pan      | Killed Emudwuru the pandemonium lord
 92046 | Pan      | Reached skill level 15 in Dodging
 92057 | Pan      | Noticed Helmschank's ghost (legendary MiFi)
 92073 | Pan      | Killed Helmschank's ghost
 92157 | Pan      | Gained mutation: You expend magic power (3 MP) to strengthen your wands. [a cacodemon]
 92157 | Pan      | Gained mutation: You occasionally shout uncontrollably at your foes. [a cacodemon]
 92373 | Pan      | Entered the realm of Lom Lobon.
 92373 | Pan      | Noticed Lom Lobon
 92397 | Pan      | Killed Lom Lobon
 92417 | Pan      | Got a magical rune of Zot
 92810 | Pan      | Received a gift from Nemelex Xobeh
 92883 | Pan      | Noticed Atraeh the pandemonium lord
 92889 | Pan      | Killed Atraeh the pandemonium lord
 93077 | Pan      | Gained mutation: Your magical capacity is very low. (-20% MP) [a cacodemon]
 93080 | Pan      | Lost mutation: You occasionally shout uncontrollably at your foes. [potion of mutation]
 93080 | Pan      | Lost mutation: Your magical capacity is very low. (-20% MP) [potion of mutation]
 93080 | Pan      | Lost mutation: Your magical capacity is low. (-10% MP) [potion of mutation]
 93080 | Pan      | Lost mutation: Your flesh is cold resistant. (rC+) [potion of mutation]
 93080 | Pan      | Gained mutation: Your mind is acute. (Int +2) [potion of mutation]
 93080 | Pan      | Lost mutation: You are agile. (Dex +2) [potion of mutation]
 93080 | Pan      | Gained mutation: You have a pair of small horns on your head. [potion of mutation]
 93082 | Pan      | Lost mutation: You have a pair of small horns on your head. [potion of mutation]
 93082 | Pan      | Gained mutation: You are frail. (-10% HP) [potion of mutation]
 93082 | Pan      | Gained mutation: You evolve. [potion of mutation]
 93082 | Pan      | Gained mutation: Your flesh is heat resistant. (rF+) [potion of mutation]
 93187 | Pan      | Noticed Otasenotz the pandemonium lord
 93189 | Pan      | Found an exit through the horrors of the Abyss.
 93193 | Pan      | Killed Otasenotz the pandemonium lord
 93318 | Pan      | Entered the realm of Cerebov.
 93318 | Pan      | Received a gift from Nemelex Xobeh
 93366 | Pan      | Got a transparent silver ring
 93367 | Pan      | Identified the ring "Bodor" {*Contam rElec MR+++ MP+9 Str+3} (You found it in Pandemonium)
 93480 | Pan      | Lost mutation: You evolve. [end of evolution]
 93508 | Pan      | Noticed Cerebov
 93531 | Pan      | Killed Cerebov
 93547 | Pan      | Got a fiery rune of Zot
 93586 | Pan      | Lost mutation: You are frail. (-10% HP) [potion of mutation]
 93586 | Pan      | Lost mutation: Your mind is acute. (Int +2) [potion of mutation]
 93586 | Pan      | Lost mutation: Your flesh is heat resistant. (rF+) [potion of mutation]
 93586 | Pan      | Lost mutation: You expend magic power (3 MP) to strengthen your wands. [potion of mutation]
 93586 | Pan      | Gained mutation: You are partially covered in iridescent scales. (AC +2) [potion of mutation]
 93586 | Pan      | Gained mutation: You are dopey. (Int -2) [potion of mutation]
 93586 | Pan      | Gained mutation: You are covered in fur. (AC +1) [potion of mutation]
 93649 | Pan      | Entered the realm of Mnoleg.
 93702 | Pan      | Gained mutation: You are clumsy. (Dex -2) [a neqoxec]
 93722 | Pan      | Received a gift from Nemelex Xobeh
 93835 | Pan      | Noticed Mnoleg
 93850 | Pan      | Killed Mnoleg
 94008 | Pan      | Got a glowing rune of Zot
 94229 | Pan      | Found a huge runed gate.
 94268 | Pan      | Found a huge runed gate.
 94268 | Pan      | Found a huge runed gate.
 94268 | Pan      | Found a huge runed gate.
 94268 | Pan      | Found a huge runed gate.
 94268 | Pan      | Found a huge runed gate.
 94268 | Pan      | Found a huge runed gate.
 94297 | Pan      | Noticed Anaebbot the pandemonium lord
 94322 | Pan      | Killed Anaebbot the pandemonium lord
 94588 | Pan      | Noticed Luebric the pandemonium lord
 94594 | Pan      | Gained mutation: You tend to lose your temper in combat. [a neqoxec]
 94596 | Pan      | Killed Luebric the pandemonium lord
 94598 | Pan      | Found a runed door.
 94636 | Pan      | Lost mutation: You are clumsy. (Dex -2) [potion of mutation]
 94636 | Pan      | Lost mutation: You are dopey. (Int -2) [potion of mutation]
 94636 | Pan      | Lost mutation: You are partially covered in iridescent scales. (AC +2) [potion of mutation]
 94636 | Pan      | Lost mutation: You tend to lose your temper in combat. [potion of mutation]
 94636 | Pan      | Gained mutation: Scrolls take you a little longer to read. [potion of mutation]
 94636 | Pan      | Gained mutation: Your mind is acute. (Int +2) [potion of mutation]
 94681 | Pan      | Got a demonic rune of Zot
 94845 | Pan      | Received a gift from Nemelex Xobeh
 95157 | Pan      | Found an exit through the horrors of the Abyss.
 95167 | Pan      | Took an exit into the Abyss.
 95167 | Abyss:1  | Escaped into the Abyss
 95167 | Abyss:1  | Found a radiant altar of Vehumet.
 95183 | Depths:2 | Escaped the Abyss
 95274 | Hell     | Entered the Vestibule of Hell
 95274 | Hell     | Noticed Geryon
 95283 | Hell     | Killed Geryon
 95525 | Hell     | Found a gateway to the freezing wastes of Cocytus.
 95525 | Hell     | Received a gift from Nemelex Xobeh
 95573 | Hell     | Found a gateway to the ashen valley of Gehenna.
 95609 | Geh:1    | Entered Level 1 of Gehenna
 95634 | Geh:1    | You are sucked into a shaft!
 95992 | Geh:3    | Received a gift from Nemelex Xobeh
 96104 | Geh:6    | You are sucked into a shaft!
 96104 | Geh:7    | Entered Level 7 of Gehenna
 96290 | Geh:7    | Reached skill level 27 in Long Blades
 96380 | Geh:7    | Received a gift from Nemelex Xobeh
 96396 | Geh:7    | Identified the +3 buckler of the Enchanted Forest {rF+ rC+} (You found it on level 7 of Gehenna)
 96637 | Geh:7    | Noticed Asmodeus
 96657 | Geh:7    | Killed Asmodeus
 96672 | Geh:7    | Received a gift from Nemelex Xobeh
 96681 | Geh:7    | Got an obsidian rune of Zot
 97027 | Coc:1    | Entered Level 1 of Cocytus
 97274 | Coc:5    | Received a gift from Nemelex Xobeh
 97290 | Coc:5    | Reached skill level 27 in Armour
 97402 | Coc:7    | Entered Level 7 of Cocytus
 97489 | Coc:7    | Received a gift from Nemelex Xobeh
 98103 | Coc:7    | Noticed Antaeus
 98136 | Coc:7    | Killed Antaeus
 98156 | Coc:7    | Got an icy rune of Zot
 98160 | Coc:7    | Identified the ring of Vutic {MR+ Str+3 Slay+3} (You found it on level 7 of Cocytus)
 98276 | Hell     | Found a gateway to the decaying netherworld of Tartarus.
 99405 | Tar:1    | Entered Level 1 of Tartarus
 99409 | Tar:1    | You are sucked into a shaft!
 99412 | Tar:2    | You are sucked into a shaft for 2 floors!
 99426 | Tar:4    | You are sucked into a shaft for 2 floors!
 99449 | Tar:6    | You are sucked into a shaft!
 99449 | Tar:7    | Entered Level 7 of Tartarus
 99585 | Tar:7    | Received a gift from Nemelex Xobeh
 99699 | Tar:7    | Noticed an ancient lich
 99709 | Tar:7    | Killed an ancient lich
100011 | Tar:7    | Noticed Ereshkigal
100020 | Tar:7    | Killed Ereshkigal
100074 | Tar:7    | Noticed an ancient lich
100088 | Tar:7    | Killed an ancient lich
100120 | Tar:7    | Reached skill level 27 in Fighting
100181 | Tar:7    | Got a bone rune of Zot
100295 | Hell     | Found a gateway to the Iron City of Dis.
100324 | Dis:1    | Entered Level 1 of the Iron City of Dis
100337 | Dis:1    | You are sucked into a shaft!
100346 | Dis:2    | Received a gift from Nemelex Xobeh
100828 | Dis:7    | Entered Level 7 of the Iron City of Dis
100855 | Dis:7    | Noticed Dispater
100880 | Dis:7    | Killed Dispater
100900 | Dis:7    | Got an iron rune of Zot
101509 | Tomb:1   | Entered Level 1 of the Tomb of the Ancients
101702 | Tomb:1   | Noticed a greater mummy
101708 | Tomb:1   | Killed a greater mummy
101950 | Tomb:1   | Lost mutation: Your mind is acute. (Int +2) [potion of mutation]
101950 | Tomb:1   | Lost mutation: Scrolls take you a little longer to read. [potion of mutation]
101950 | Tomb:1   | Lost mutation: You are covered in fur. (AC +1) [potion of mutation]
101950 | Tomb:1   | Gained mutation: You are partially covered in slimy green scales. (AC +2) [potion of mutation]
101950 | Tomb:1   | Gained mutation: Your mind is acute. (Int +2) [potion of mutation]
101950 | Tomb:1   | Gained mutation: You are occasionally teleported next to monsters. [potion of mutation]
101950 | Tomb:1   | Gained mutation: You have a somewhat thin skeletal structure. (Dex +2, Stealth) [potion of mutation]
101951 | Tomb:1   | Lost mutation: Your mind is acute. (Int +2) [potion of mutation]
101951 | Tomb:1   | Lost mutation: You have a somewhat thin skeletal structure. (Dex +2, Stealth) [potion of mutation]
101951 | Tomb:1   | Lost mutation: You are occasionally teleported next to monsters. [potion of mutation]
101951 | Tomb:1   | Gained mutation: You are surrounded by a mild repulsion field. (EV +2) [potion of mutation]
101951 | Tomb:1   | Gained mutation: You have supernaturally acute eyesight. (SInv) [potion of mutation]
101951 | Tomb:1   | Gained mutation: Your skin changes colour to match your surroundings (Stealth+). [potion of mutation]
101954 | Tomb:2   | Received a gift from Nemelex Xobeh
101957 | Tomb:2   | Noticed a greater mummy
101962 | Tomb:2   | Noticed a greater mummy
101979 | Tomb:2   | Killed a greater mummy
101981 | Tomb:2   | Noticed a greater mummy
101990 | Tomb:2   | Noticed a greater mummy
102200 | Tomb:3   | Entered Level 3 of the Tomb of the Ancients
102232 | Tomb:3   | Noticed a greater mummy
102233 | Tomb:3   | Noticed a greater mummy
102233 | Tomb:3   | Noticed a greater mummy
102233 | Tomb:3   | Noticed Mara
102234 | Tomb:3   | Noticed a greater mummy
102234 | Tomb:3   | Noticed a greater mummy
102238 | Tomb:3   | Got a golden rune of Zot
102243 | Tomb:3   | Received a gift from Nemelex Xobeh
102437 | Tomb:1   | Killed a greater mummy
102916 | Zot:1    | Entered Level 1 of the Realm of Zot
103039 | Zot:2    | Identified the +5 double sword of Conversion {slice, *Corrode +Blink Dex+6} (You acquired it on level 2 of the Realm of Zot)
103139 | Zot:4    | Received a gift from Nemelex Xobeh
103198 | Zot:4    | Reached skill level 27 in Dodging
103494 | Zot:4    | Reached skill level 27 in Air Magic
103637 | Zot:5    | Entered Level 5 of the Realm of Zot
103737 | Zot:5    | Noticed an ancient lich
103740 | Zot:5    | Killed an ancient lich
103743 | Zot:5    | Noticed an ancient lich
103749 | Zot:5    | Killed an ancient lich
103772 | Zot:5    | Noticed an orb of fire
103774 | Zot:5    | Noticed an orb of fire
103774 | Zot:5    | Killed an orb of fire
103779 | Zot:5    | Noticed an orb of fire
103782 | Zot:5    | Noticed an ancient lich
103782 | Zot:5    | Noticed an ancient lich
103786 | Zot:5    | Killed an orb of fire
103787 | Zot:5    | Killed an orb of fire
103788 | Zot:5    | Killed an ancient lich
103789 | Zot:5    | Killed an ancient lich
103795 | Zot:5    | Identified the +2 cloak "Mikkoph" {rC- rN+ rCorr SInv} (You found it on level 5 of the Realm of Zot)
103840 | Zot:5    | Noticed an orb of fire
103847 | Zot:5    | Killed an orb of fire
103849 | Zot:5    | Noticed an orb of fire
103861 | Zot:5    | Noticed an orb of fire
103861 | Zot:5    | Killed an orb of fire
103864 | Zot:5    | Gained mutation: Your spells are a little easier to cast, but a little less powerful. [an orb of fire]
103864 | Zot:5    | Killed an orb of fire
103922 | Zot:5    | Noticed an orb of fire
103924 | Zot:5    | Got the Orb of Zot
103959 | Zot:5    | Killed an orb of fire
104109 | Zot:1    | You are sucked into a shaft!
104125 | Zot:2    | Received a gift from Nemelex Xobeh
104195 | Zot:1    | Noticed a seraph
104224 | Zot:1    | Killed a seraph
104559 | D:7      | Noticed Zuedduev the pandemonium lord
104569 | D:7      | Killed Zuedduev the pandemonium lord
104691 | D:$      | Escaped with the Orb!

Skill      XL: |  1  2  3  4  5  6  7  8  9 10 11 12 13 14 15 16 17 18 19 20 21 22 23 24 25 26 27 |
---------------+----------------------------------------------------------------------------------+-----
Fighting       | 1 2 3 5 6 8 9 10 11 12 13 14 15 16 17 18 19 20 21 22 27 | 27.0
Invocations    | 1 3 5 6 7 8 9 10 11 12 13 | 13.0
Conjurations   | 4 |  4.7
Stealth        | 4 5 |  5.0
Armour         | 2 5 6 7 9 11 12 13 14 15 16 17 18 19 20 21 22 23 27 | 27.0
Dodging        | 3 5 7 8 10 11 12 13 14 27 | 27.0
Evocations     | 5 |  5.4
Long Blades    | 10 12 13 15 17 19 20 21 22 23 24 25 27 | 27.0
Shields        | 4 |  4.0
Necromancy     | 3 |  3.0
Charms         | 3 |  3.0
Air Magic      | 10 27 | 27.0
Spellcasting   | 7 24 | 24.3
Short Blades   | |  1.1
Hexes          | |  2.1

Action                   |  1- 3 |  4- 6 |  7- 9 | 10-12 | 13-15 | 16-18 | 19-21 | 22-24 | 25-27 || total
-------------------------+-------+-------+-------+-------+-------+-------+-------+-------+-------++-------
Melee: Dagger            |    80 |   127 |     9 |    16 |       |       |       |       |       ||   232
       Peck              |     9 |    17 |    35 |   123 |   168 |   246 |   315 |   480 |  1514 ||  2907
       Kick              |    13 |    30 |    64 |   194 |   281 |   395 |   469 |   725 |  2380 ||  4551
       Long sword        |       |     4 |   169 |   228 |       |       |       |       |       ||   401
       Battleaxe         |       |       |    12 |       |       |       |       |       |       ||    12
       Short sword       |       |       |       |   174 |     3 |       |       |       |       ||   177
       Scimitar          |       |       |       |    52 |   583 |  1062 |  1411 |   701 |       ||  3809
       Spear             |       |       |       |    38 |   253 |       |       |       |       ||   291
       Great sword       |       |       |       |    36 |       |       |       |       |       ||    36
       Demon blade       |       |       |       |       |       |       |       |   783 |   991 ||  1774
       Triple sword      |       |       |       |       |       |       |       |       |  3110 ||  3110
 Cast: Ensorcelled Hiber |    12 |     9 |     3 |     6 |       |       |       |       |       ||    30
       Corona            |     7 |    11 |       |       |       |       |       |       |       ||    18
       Dazzling Spray    |       |     5 |    36 |    35 |     6 |       |       |       |       ||    82
       Confuse           |       |       |     1 |       |       |       |       |       |       ||     1
       Tukima's Dance    |       |       |       |     5 |     1 |       |       |       |       ||     6
       Spectral Weapon   |       |       |       |       |       |       |    21 |    69 |    44 ||   134
       Regeneration      |       |       |       |       |       |       |     8 |    39 |   185 ||   232
       Apportation       |       |       |       |       |       |       |       |     3 |     5 ||     8
       Tornado           |       |       |       |       |       |       |       |       |   178 ||   178
       Deflect Missiles  |       |       |       |       |       |       |       |       |    16 ||    16
Invok: Triple Draw       |       |       |     1 |     6 |     5 |    16 |     4 |     2 |    14 ||    48
       Deal Four         |       |       |       |     1 |     1 |     1 |     1 |       |    11 ||    15
       Stack Five        |       |       |       |       |     1 |     4 |       |     3 |     4 ||    12
 Abil: Fly               |       |     3 |    32 |    68 |    20 |       |     1 |     1 |     4 ||   129
       Evoke Invisibilit |       |       |       |       |       |       |     1 |       |       ||     1
       Stop Flying       |       |       |       |       |       |       |     1 |     1 |     4 ||     6
Evoke: Deck              |     1 |     7 |    11 |    21 |    84 |    44 |    32 |    24 |    90 ||   314
       Wand              |       |       |       |    22 |    65 |    58 |    29 |     5 |    27 ||   206
       Phantom mirror    |       |       |       |       |       |       |       |       |    10 ||    10
  Use: Potion            |     2 |     1 |       |     1 |     5 |     1 |     4 |     3 |    49 ||    66
       Scroll            |       |    11 |    12 |    14 |    11 |    13 |    12 |    15 |    87 ||   175
 Stab: Sleeping          |    18 |    13 |    12 |     2 |       |       |       |       |     6 ||    51
       Distracted        |       |     1 |       |     2 |     1 |     3 |     5 |    18 |    13 ||    43
       Invisible         |       |       |     1 |     2 |       |       |     2 |       |     7 ||    12
       Paralysed         |       |       |       |     1 |       |       |     2 |       |       ||     3
       Confused          |       |       |       |     1 |       |       |       |       |     8 ||     9
       Petrified         |       |       |       |     6 |     1 |       |       |       |       ||     7
       Petrifying        |       |       |       |     1 |     1 |       |       |       |       ||     2
       Betrayed ally     |       |       |       |       |     1 |       |       |       |       ||     1
  Eat: Chunk             |     5 |    10 |    18 |    28 |    29 |    14 |    21 |     9 |     7 ||   141
       Ration            |       |       |     3 |     7 |     7 |    10 |     8 |    12 |    56 ||   103
Armor: Robe              |     6 |    21 |    14 |       |       |       |       |       |       ||    41
       Ring mail         |       |       |    41 |   141 |       |       |       |       |       ||   182
       Skin              |       |       |       |    10 |       |       |       |       |       ||    10
       Scale mail        |       |       |       |    33 |    63 |       |       |       |       ||    96
       Chain mail        |       |       |       |       |   191 |   414 |   522 |   450 |   312 ||  1889
       Pearl dragon scal |       |       |       |       |       |       |       |       |  1244 ||  1244
Dodge: Dodged            |    32 |    76 |   172 |   625 |   565 |   673 |   681 |   803 |  4249 ||  7876
       Deflected         |       |       |       |       |       |       |       |       |   134 ||   134
Block: Buckler           |       |       |       |       |       |       |   130 |   260 |   265 ||   655
       Rpst.: Long sword |       |       |    40 |    78 |       |       |       |       |       ||   118
       Scimitar          |       |       |       |     9 |   104 |   144 |   159 |    96 |       ||   512
       Great sword       |       |       |       |    16 |       |       |       |       |       ||    16
       Demon blade       |       |       |       |       |       |       |       |    79 |    75 ||   154
       Triple sword      |       |       |       |       |       |       |       |       |   703 ||   703
